 Dungeon Crawl Stone Soup version 0.19-a0-1886-gd64a0f0 (webtiles) character file.

77 Alarkh the Poker (level 4, 0/29 HPs)
             Began as a Mummy Skald on Oct 15, 2016.
             Was an Initiate of Hepliaklqana.
             Slain by a polar bear (1 damage)
             ... created by the rage of Trog
             ... on level 3 of the Dungeon.
             The game lasted 00:02:47 (1732 turns).

Alarkh the Poker (Mummy Skald)                      Turns: 1732, Time: 00:02:47

Health: 0/29       AC:  3    Str: 15    XL:     4   Next: 13%
Magic:  7/7        EV: 11    Int: 12    God:    Hepliaklqana [......]
Gold:   153        SH:  0    Dex: 11    Spells: 1 memorised, 6 levels left

rFire  x . .     SeeInvis .     a - +0 spear
rCold  + + .     Gourm    .     b - +0 leather armour
rNeg   + + +     Faith    .     (no shield)
rPois  ∞         Spirit   .     (no helmet)
rElec  .         Dismiss  .     (no cloak)
rCorr  .         Reflect  .     (no gloves)
MR     .....     Harm     .     (no boots)
Stlth  +.........               (no amulet)
                                (no ring)
                                f - ring of protection from cold

@: no status effects
A: no food or potions, fire vulnerability, reduced essence, cold resistance 1,
negative energy resistance 3, torment resistance, unbreathing
a: Recall Ancestor, Ancestor Identity, Renounce Religion


You were on level 3 of the Dungeon.
You worshipped Hepliaklqana.
Hepliaklqana was noncommittal.
You were not hungry.

You visited 1 branch of the dungeon, and saw 3 of its levels.

You collected 153 gold pieces.

Inventory:

Hand Weapons
 a - a +0 spear (weapon)
Armour
 b - a +0 leather armour (worn)
Jewellery
 f - a ring of protection from cold (left hand)
Wands
 j - a wand of flame (19/48)
Scrolls
 d - 2 scrolls of teleportation
 e - a scroll of identify
 g - a scroll of noise
 h - 2 scrolls of enchant armour {unknown}
 i - 4 scrolls of remove curse {unknown}
 k - a scroll of fog {unknown}
 l - a scroll of random uselessness {unknown}
 n - a scroll of recharging {unknown}
Books
 c - a book of Battle

   Spells                             Type                      Level
   a - Infusion                       Charms                       1
   b - Shroud of Golubria             Charms/Translocation         2
   c - Song of Slaying                Charms                       2
   d - Spectral Weapon                Hexes/Charms                 3
   e - Regeneration                   Charms/Necromancy            3
 m - Kikubaaqudgha's Reference Book on Evil
   (Kikubaaqudgha gifted it to you on level 3 of the Dungeon)

   Spells                             Type                      Level
   a - Animate Skeleton               Necromancy                   1
   b - Pain                           Necromancy                   1
   c - Corpse Rot                     Necromancy                   2
   d - Vampiric Draining              Necromancy                   3
   e - Control Undead                 Necromancy                   4


   Skills:
 - Level 2.0 Fighting
 + Level 3.6 Polearms
 - Level 0.7 Armour
 - Level 0.7 Dodging
 - Level 2.0 Spellcasting
 - Level 2.4 Charms


You had 6 spell levels left.
You knew the following spells:

 Your Spells              Type           Power        Failure   Level  Hunger
a - Infusion              Chrm           #...         14%         1    N/A

Dungeon Overview and Level Annotations

Branches:
Dungeon (3/15)

Altars:
Cheibriados
Hepliaklqana
Kikubaaqudgha
Trog


Innate Abilities, Weirdness & Mutations

You do not eat or drink.
Your flesh is vulnerable to fire.
You are immune to poison.
Your flesh is cold resistant. (rC+)
You are immune to negative energy. (rN+++)
You are immune to unholy pain and torment.
You can survive without breathing.
Your life essence is reduced. (-10% HP)


Message History

The polar bear bites Kendra!
Kendra is destroyed!
You hear an angry growl. x3
The polar bear rages.
You hear an angry growl.
You hear an angry growl.
The polar bear rages.
You hear an angry growl.
You hear an angry growl.
The polar bear rages.
The polar bear bites you!!
Ouch! That really hurt!
* * * LOW HITPOINT WARNING * * *
The polar bear closely misses you. The polar bear claws you.
* * * LOW HITPOINT WARNING * * *
You hear an angry growl.
The polar bear rages.
The polar bear closely misses you. The polar bear barely misses you.
The polar bear claws you.
You die...

#....#.###.## .
###.##.#..##..# #.
#....h..h.h...# #.
#....####.....# #.
#....# #.....# #.
##....####....## #.
#.h####.#.###.# #.
#.h# #(#.## #.# #%
#.@# ##.#.# #.# #.
#..###.#.####.#####
#.....####.........
#.....# #....#####
#.....####.........
#................##
#.#................
#.##########.###.##
#.# #.# #.#


You could see 2 polar bears.

Vanquished Creatures
  3 adders
  4 dart slugs
  2 ball pythons (D:2)
  7 bats
  A giant cockroach (D:2)
  2 goblins (D:1)
  7 hobgoblins
  2 frilled lizards
  5 kobolds
  5 rats
38 creatures vanquished.

Vanquished Creatures (collateral kills)
  A worm (D:3)
  A hobgoblin (D:3)
2 creatures vanquished.

Vanquished Creatures (others)
  An ancestor (D:3)
1 creature vanquished.

Grand Total: 41 creatures vanquished

Notes
Turn   | Place    | Note
-------+----------+-------------------------------------------
     0 | D:1      | Alarkh the Mummy Skald began the quest for the Orb.
     0 | D:1      | Reached XP level 1. HP: 16/16 MP: 3/3
   106 | D:1      | Reached skill level 2 in Polearms
   180 | D:1      | Reached XP level 2. HP: 16/22 MP: 1/5
   928 | D:2      | Reached XP level 3. HP: 27/27 MP: 2/6
  1019 | D:2      | Reached skill level 3 in Polearms
  1089 | D:2      | Found a snail-covered altar of Cheibriados.
  1320 | D:3      | Reached XP level 4. HP: 29/33 MP: 0/7
  1410 | D:3      | Found a faded altar of an unknown god.
  1410 | D:3      | Found a faded altar of an unknown god.
  1415 | D:3      | Found an ancient bone altar of Kikubaaqudgha.
  1417 | D:3      | Found a faded altar of an unknown god.
  1418 | D:3      | Found a faded altar of an unknown god.
  1428 | D:3      | Became a worshipper of Kikubaaqudgha
  1428 | D:3      | Reached * piety under Kikubaaqudgha
  1428 | D:3      | Identified Kikubaaqudgha's Reference Book on Evil (Kikubaaqudgha gifted it to you on level 3 of the Dungeon)
  1428 | D:3      | Received a gift from Kikubaaqudgha
  1436 | D:3      | Fell from the grace of Kikubaaqudgha
  1436 | D:3      | Became a worshipper of Trog the Wrathful
  1436 | D:3      | Reached * piety under Trog
  1438 | D:3      | Fell from the grace of Trog
  1438 | D:3      | Became a worshipper of Hepliaklqana the Forgotten
  1438 | D:3      | Reached * piety under Hepliaklqana
  1445 | D:3      | Fell from the grace of Hepliaklqana
  1445 | D:3      | Became a worshipper of Kikubaaqudgha
  1452 | D:3      | Fell from the grace of Kikubaaqudgha
  1452 | D:3      | Became a worshipper of Hepliaklqana the Forgotten
  1713 | D:3      | Noticed a black bear
  1713 | D:3      | Noticed a polar bear
  1713 | D:3      | Noticed a polar bear
  1713 | D:3      | Noticed a polar bear
  1713 | D:3      | Noticed a polar bear
  1730 | D:3      | HP: 1/29 [polar bear[the rage of Trog] (5)]
  1732 | D:3      | Slain by a polar bear

Vault maps used:
D:1:      dpeg_arrival_line_fractal
D:2:      kennysheep_slug_shrine
D:3:      chequers_temple_overflow_minitemple, first_bread, grunt_ministairs_12,
          minivault_24

Skill      XL: |  1  2  3 |
---------------+----------+-----
Polearms       | 2 3 |  3.6
Fighting       | |  2.0
Armour         | |  0.7
Dodging        | |  0.7
Spellcasting   | |  2.0
Charms         | |  2.4

Action                   |  1- 3 |  4- 6 || total
-------------------------+-------+-------++-------
Melee: Spear             |   121 |     8 ||   129
 Cast: Infusion          |    13 |     1 ||    14
  Use: Scroll            |     2 |       ||     2
Armor: Leather armour    |    20 |       ||    20
Dodge: Dodged            |    59 |     6 ||    65
